 Dungeon Crawl Stone Soup version 0.21.1-1-g345015f (webtiles) character file.

477 grindst0ne the Digger (level 7, -5/49 HPs)
             Began as an Octopode Earth Elementalist on Feb 22, 2018.
             Was an Initiate of Ru.
             Killed by nerve-wracking pain
             ... invoked by an orc priest
              (9 damage)
             ... on level 3 of the Dungeon.
             The game lasted 00:08:47 (2655 turns).

grindst0ne the Digger (Octopode Earth Elementalist) Turns: 2655, Time: 00:08:47

Health: -5/49      AC:  8    Str:  7    XL:     7   Next: 11%
Magic:  2/11       EV: 13    Int: 19    God:    Ru [......]
Gold:   60         SH:  0    Dex: 13    Spells: 5/11 levels left

rFire    . . .     SeeInvis .   q - +2 mace (protect)
rCold    . . .     Gourm    .   (no shield)
rNeg     . . .     Faith    .   (helmet restricted)
rPois    .         Spirit   .   (no amulet)
rElec    .         Reflect  .   l - ring of stealth (curse)
rCorr    .         Harm     .   (no ring)
MR       .....                  (no ring)
Stlth    ++++......             (no ring)
HPRegen  0.16/turn              (no ring)
MPRegen  0.12/turn              (no ring)
                                (no ring)
                                (no ring)

@: protection aura, drained
A: almost no armour, stealthy swim, amphibious, 8 rings, constrict 8, camouflage
1, gelatinous body 1
a: Renounce Religion


You were on level 3 of the Dungeon.
You worshipped Ru.
Ru was noncommittal.
You were hungry.

You visited 1 branch of the dungeon, and saw 3 of its levels.

You collected 60 gold pieces.

Inventory:

Hand Weapons
 a - a +0 club
 q - a +2 mace of protection (weapon)
 y - a +0 battleaxe
Missiles
 b - 154 stones
 h - 4 javelins (quivered)
Jewellery
 l - a cursed ring of stealth (left tentacle)
 x - a +1 ring of evasion {unknown}
Scrolls
 i - 2 scrolls of magic mapping {unknown}
 j - 2 scrolls of teleportation
 o - 2 scrolls of enchant armour {unknown}
 s - a scroll of blinking {unknown}
 u - a scroll of fear {unknown}
 v - 2 scrolls of identify
Potions
 e - a potion of berserk rage
 f - a potion of might
 g - 2 potions of haste {unknown}
 k - a potion of heal wounds {unknown}
 m - 2 potions of curing
 n - a potion of degeneration {unknown}
 p - 2 potions of invisibility {unknown}
 r - a potion of flight {unknown}
 w - a potion of mutation {unknown}
Books
 d - a book of Geomancy

   Spells                             Type                      Level
   a - Sandblast                      Earth                        1
   b - Passwall                       Transmutation/Earth          2
   c - Stone Arrow                    Conjuration/Earth            3
   d - Petrify                        Transmutation/Earth          4
   e - Lee's Rapid Deconstruction     Earth                        5
Comestibles
 c - 3 rations
 t - 2 chunks of flesh


   Skills:
 + Level 4.6(4.2) Fighting
 - Level 2.0(1.6) Dodging
 - Level 2.6(2.3) Stealth
 + Level 2.8(2.4) Spellcasting
 - Level 1.0(0.6) Transmutations
 + Level 5.6(5.2) Earth Magic


You had 5 spell levels left.
You knew the following spells:

 Your Spells              Type           Power        Failure   Level  Hunger
a - Sandblast             Erth           ###...       1%          1    #......
b - Passwall              Tmut/Erth      ##........   8%          2    ##.....
c - Stone Arrow           Conj/Erth      ##....       16%         3    ###....


Dungeon Overview and Level Annotations

Branches:
Dungeon (3/15)

Altars:
Cheibriados
Dithmenos
Elyvilon
Ru
Zin


Innate Abilities, Weirdness & Mutations

You cannot wear most types of armour.
You are very stealthy in the water. (Stealth+)
You are amphibious.
You can wear up to eight rings at the same time.
You can use your tentacles to constrict eight enemies at once.
Your skin changes colour to match your surroundings (Stealth+).
Your rubbery body absorbs attacks. (AC +1, EV +1)


Message History

Casting: Stone Arrow
Confirm with . or Enter, or press ? or * to list all spells.
Aiming: Stone Arrow
Press: ? - help, Shift-Dir - straight line, f - orc
Aim: an orc, wielding a club and wearing a chain mail The stone arrow hits the orc.
You kill the orc!
You constrict the orc priest, but do no damage.
The orc priest hits you but does no damage.
Casting: Stone Arrow
Confirm with . or Enter, or press ? or * to list all spells.
Aiming: Stone Arrow
Press: ? - help, Shift-Dir - straight line, f - orc priest
Aim: an orc priest, wearing a chain mail (heavily wounded, constricted by you)
The stone arrow hits the orc priest.
The orc priest is severely wounded.
You constrict the orc priest.
The orc priest invokes the aid of Beogh against you.
Pain shoots through your body!
You die...

................#
#.#...####.######.#
#.#...####..# #.#
#.#...#.....# #.#
#.#...#.....# #..
######.#...#.....#####.#
.......#...##...........
.......#...##.##)#####.#
......)@o.....##..####.#
.......######[###......#
....%.. ### #......#
....... #......# .......
#......# .......
#....... .######
#....... #.......
#.....[.


You could see an orc priest.

Vanquished Creatures
  Sigmund (D:2)
  3 wights (D:3)
  An orc wizard (D:3)
  Jessica (D:2)
  A worker ant (D:3)
  3 adders
  A worm (D:3)
  A dart slug (D:1)
  3 leopard geckos
  13 orcs (D:3)
  4 giant cockroaches
  2 goblins (D:3)
  8 hobgoblins
  2 jackals (D:3)
  A ball python (D:2)
  8 bats
  4 frilled lizards
  13 kobolds
  6 rats
76 creatures vanquished.

Notes
Turn   | Place    | Note
-------+----------+-------------------------------------------
     0 | D:1      | grindst0ne the Octopode Earth Elementalist began the quest for the Orb.
     0 | D:1      | Reached XP level 1. HP: 11/11 MP: 3/3
   165 | D:1      | Reached skill level 1 in Fighting
   165 | D:1      | Reached XP level 2. HP: 18/18 MP: 3/5
   448 | D:1      | Learned a level 2 spell: Passwall
   934 | D:2      | Reached XP level 3. HP: 19/24 MP: 1/6
  1256 | D:2      | Noticed Sigmund
  1270 | D:2      | Learned a level 3 spell: Stone Arrow
  1275 | D:2      | Killed Sigmund
  1275 | D:2      | Reached skill level 4 in Earth Magic
  1275 | D:2      | Reached XP level 4. HP: 27/32 MP: 7/7
  1275 | D:2      | Reached XP level 5. HP: 31/36 MP: 8/8
  1377 | D:2      | Found a white marble altar of Elyvilon.
  1411 | D:2      | Found a snail-covered altar of Cheibriados.
  1416 | D:2      | Found a sacrificial altar of Ru.
  1431 | D:2      | Found a shadowy altar of Dithmenos.
  1439 | D:2      | Became a worshipper of Ru the Awakened
  1527 | D:2      | Noticed Jessica
  1531 | D:2      | Killed Jessica
  1531 | D:2      | Reached skill level 5 in Earth Magic
  1531 | D:2      | Reached XP level 6. HP: 43/43 MP: 5/9
  2180 | D:3      | Found a glowing silver altar of Zin.
  2570 | D:3      | Reached XP level 7. HP: 49/49 MP: 3/11
  2655 | D:3      | Killed from afar by an orc priest

Skill      XL: |  1  2  3  4  5  6 |
---------------+-------------------+-----
Fighting       | 1 3 4 |  4.6
Earth Magic    | 4 5 |  5.6
Dodging        | |  2.0
Stealth        | |  2.6
Spellcasting   | |  2.8
Transmutations | |  1.0

Action                   |  1- 3 |  4- 6 |  7- 9 || total
-------------------------+-------+-------+-------++-------
Melee: Unarmed           |    10 |       |       ||    10
       Constrict         |    11 |    19 |     8 ||    38
       Tentacles         |     3 |     8 |     4 ||    15
       Club              |    24 |       |       ||    24
       Mace              |     3 |    63 |    28 ||    94
 Cast: Sandblast         |    20 |     3 |       ||    23
       Stone Arrow       |       |    12 |     4 ||    16
  Use: Scroll            |     3 |     1 |       ||     4
       Potion            |     2 |       |       ||     2
 Stab: Sleeping          |     4 |     7 |       ||    11
  Eat: Chunk             |     1 |     6 |       ||     7
Armor: Skin              |     7 |     9 |    12 ||    28
Dodge: Dodged            |    34 |    45 |    24 ||   103
